 Dungeon Crawl Stone Soup version 0.30-a0-782-ge64f9170bb (webtiles) character file.

Game seed: 6263198913526240416

12838 HoaS the Marksdemigod (level 11, -5/79 HPs)
             Began as a Demigod Hunter on Mar 5, 2023.
             Slain by an orc
             ... wielding a +1 heavy mace
              (9 damage)
             ... on level 11 of the Dungeon.
             The game lasted 00:19:15 (9502 turns).

HoaS the Marksdemigod (Demigod Hunter)              Turns: 9502, Time: 00:19:15

Health: -5/79      AC: 11    Str: 12    XL:     11   Next: 40%
Magic:  0/14       EV: 13    Int: 11    God:
Gold:   584        SH:  0    Dex: 33    Spells: 10/10 levels left

rFire   + . .      SeeInvis .    x - +0 arbalest
rCold   . . .      Faith    .    (shield currently unavailable)
rNeg    . . .      Spirit   +    w - +0 troll leather armour
rPois   +          Reflect  .    o - +0 helmet
rElec   .          Harm     .    E - +1 cloak {rPois}
rCorr   .          Rampage  .    u - +0 pair of gloves
Will    +....                    d - +2 pair of boots {Fly}
Stlth   +++                      h - amulet of Xugibby {Spirit Dex+4}
HPRegen 1.13/turn                v - ring of protection from fire
MPRegen 0.14/turn                (no ring)

@: flying
A: high MP 1, forlorn, divine attributes
a: no special abilities


You were on level 11 of the Dungeon.
You visited 1 branch of the dungeon, and saw 11 of its levels.
You also visited: Bailey.

You collected 925 gold pieces.
You spent 341 gold pieces at shops.

Inventory:

Hand Weapons
 x - a +0 arbalest (weapon)
Missiles
 a - a throwing net
Armour
 d - a +2 pair of boots of flying (worn)
 o - a +0 helmet (worn)
 u - a +0 pair of gloves (worn)
 w - a +0 troll leather armour (worn)
 E - a +1 cloak of poison resistance (worn)
Jewellery
 h - the amulet of Xugibby (around neck) {Spirit Dex+4}
   (You acquired it on level 3 of the Dungeon)

   [amulet of guardian spirit]

   It causes incoming damage to be divided between your reserves of health and
   magic.
   Dex:       It affects your dexterity (+4).
 v - a ring of protection from fire (left hand)
Wands
 c - a wand of quicksilver (6)
 e - a wand of iceblast (8)
 m - a wand of flame (15)
 s - a wand of mindburst (7)
 t - a wand of polymorph (6)
 B - a wand of paralysis (8)
Scrolls
 b - a scroll of immolation
 r - 2 scrolls of fog {unknown}
 y - 3 scrolls of blinking
 D - 2 scrolls of teleportation
 F - a scroll of brand weapon {unknown}
Potions
 f - a potion of curing
 g - 6 potions of flight
 i - 4 potions of lignification
 j - 2 potions of resistance
 k - 3 potions of attraction
 n - 2 potions of cancellation
 p - 2 potions of haste
 q - a potion of magic {unknown}
 z - a potion of invisibility {unknown}
 A - a potion of ambrosia {unknown}
 C - a potion of mutation {unknown}


   Skills:
 - Level 1.7 Fighting
 + Level 17.3 Ranged Weapons
 - Level 1.7 Dodging
 - Level 0.8 Stealth


You had 10 spell levels left.
You didn't know any spells.
Your spell library contained the following spells:

 Spells                   Type           Power      Damage    Failure   Level
 Kiss of Death            Conj/Necr      0%         2d5       41%         1
 Ensorcelled Hibernation  Hex/Ice        0%         N/A       56%         2
 Passwall                 Tmut/Erth      0%         N/A       56%         2
 Confusing Touch          Hex            0%         N/A       80%         3
 Summon Guardian Golem    Hex/Summ       0%         N/A       80%         3
 Swiftness                Air            0%         N/A       80%         3
 Dispel Undead            Necr           0%         3d6       99%         4
 Orb of Destruction       Conj           0%         9d5       100%        7
 Spellforged Servitor     Conj/Summ      0%         N/A       100%        7


Dungeon Overview and Level Annotations

Branches:
Dungeon (11/15)            Temple (0/1) D:6          Bailey (visited)
   Lair: D:8-11         Orc: D:9-12

Shops:
D:1 [   D:7 :   D:8 **(


Innate Abilities, Weirdness & Mutations

You have an increased reservoir of magic. (+10% MP)
You shall have no god before yourself.
Your divine heritage dramatically boosts your attributes as you level up.


Message History

The bolt hits the orc knight but does no damage.
The orc knight barely misses you.
You shoot a bolt. The bolt closely misses the orc knight.
The orc hits you with a +1 heavy mace!
The orc knight hits you but does no damage.
You shoot a bolt. The bolt hits the orc knight!!
The orc knight is moderately wounded.
The orc knight hits you with a +0 war axe!
The orc hits you with a +1 heavy mace.
You shoot a bolt. The bolt closely misses the orc knight.
The orc knight hits you with a +0 war axe!
* * * LOW HITPOINT WARNING * * *
You shoot a bolt. The bolt barely misses the orc knight.
The orc hits you but does no damage.
The orc knight hits you with a +0 war axe.
* * * LOW HITPOINT WARNING * * *
Really quaff the potion of attraction?
Okay, then.
You feel much better. The orc hits you with a +1 heavy mace!
The orc knight closely misses you.
You feel much better.
The orc knight hits you with a +0 war axe!!
The orc barely misses you.
There is a stone staircase leading up, spattered with blood here.
There is a stone staircase leading up, spattered with blood here.
There is a stone staircase leading up, spattered with blood here.
You shoot a bolt. The bolt hits the orc knight!
The orc knight is heavily wounded.
The orc knight hits you with a +0 war axe.
You shoot a bolt. The bolt hits the orc knight.
The orc knight is heavily wounded.
The orc knight hits you with a +0 war axe!
The orc hits you with a +1 heavy mace!
* * * LOW HITPOINT WARNING * * *
You shoot a bolt. The bolt hits the orc knight.
The orc knight is severely wounded.
The orc knight hits you with a +0 war axe.
* * * LOW HITPOINT WARNING * * *
The orc hits you with a +1 heavy mace!
You die...

#######.#
#####.......#
............
##
..$........
...
..........
... #........
..
#.....o.#.#
#.....)@o.#
......)####
.......
..##### .


You could see an orc knight and an orc (strong).

Vanquished Creatures
  A centaur warrior (D:10)
  3 two-headed ogres
  Pikel (D:5)
  2 deep elf pyromancers (D:8)
  2 orc knights (Bailey)
  A cyclops (D:9)
  A troll (D:9)
  Grinder (D:6)
  2 wraiths
  2 wyverns
  19 yaks
  A water moccasin (D:7)
  2 acid dragons (D:8)
  8 orc warriors
  2 black bears
  A sky beast (D:8)
  2 hornet zombies (D:6)
  An ogre (D:6)
  5 centaurs
  A lemure (D:5)
  4 kobold brigands
  A phantom (D:5)
  7 bullfrogs
  A necrophage (D:8)
  A scorpion (D:4)
  A gnoll sergeant (D:9)
  3 wights (D:8)
  3 killer bees (D:8)
  2 howler monkeys (D:8)
  A bullfrog zombie (D:6)
  A centaur zombie (D:6)
  2 hounds
  A jelly (D:5)
  4 orc priests
  A gnoll bouda (D:8)
  7 orc wizards
  3 iguanas
  2 killer bee zombies (D:6)
  5 gnolls
  9 adders
  3 shadow imps
  5 white imps
  An ufetubus (D:6)
  2 worms
  31 orcs
  6 endoplasms
  6 giant cockroaches
  10 hobgoblins
  4 jackals (D:1)
  3 quokkas
  6 ball pythons
  3 bats
  3 frilled lizards
  10 goblins
  30 kobolds
  5 rats
245 creatures vanquished.

Vanquished Creatures (others)
  9 plants (D:8)
9 creatures vanquished.

Grand Total: 254 creatures vanquished

Notes
Turn   | Place    | Note
-------+----------+-------------------------------------------
     0 | D:1      | HoaS the Demigod Hunter began the quest for the Orb.
     0 | D:1      | Reached XP level 1. HP: 17/17 MP: 3/3
   119 | D:1      | Reached skill level 4 in Ranged Weapons
   234 | D:1      | Reached XP level 2. HP: 24/24 MP: 4/4
   341 | D:1      | Found Olaoq's Armour Shoppe.
   805 | D:2      | Reached XP level 3. HP: 28/29 MP: 5/5
  1067 | D:2      | Reached skill level 5 in Ranged Weapons
  1445 | D:3      | Reached XP level 4. HP: 12/36 MP: 6/6
  1551 | D:3      | Identified a scroll of acquirement
  1551 | D:3      | Acquired the amulet of Xugibby {Spirit Dex+4}
  1932 | D:3      | Noticed a black bear
  2358 | D:4      | Reached skill level 6 in Ranged Weapons
  2358 | D:4      | Reached XP level 5. HP: 27/41 MP: 3/7
  2928 | D:3      | Killed a black bear
  2929 | D:3      | Reached XP level 6. HP: 37/48 MP: 5/8
  3010 | D:5      | Entered Level 5 of the Dungeon
  3028 | D:5      | Reached skill level 7 in Ranged Weapons
  3148 | D:5      | Noticed Pikel
  3164 | D:5      | Killed Pikel
  3165 | D:5      | Reached skill level 8 in Ranged Weapons
  3165 | D:5      | Reached XP level 7. HP: 11/53 MP: 4/9
  3410 | D:5      | Reached skill level 9 in Ranged Weapons
  3908 | D:6      | Found a staircase to the Ecumenical Temple.
  3979 | D:6      | Reached XP level 8. HP: 46/60 MP: 7/10
  4075 | D:6      | Reached skill level 10 in Ranged Weapons
  4075 | D:6      | Noticed Grinder
  4080 | D:6      | Killed Grinder
  4248 | D:6      | Reached skill level 11 in Ranged Weapons
  4746 | D:1      | Bought a +0 helmet for 58 gold pieces
  4751 | D:1      | Bought a +0 pair of gloves for 58 gold pieces
  5018 | D:7      | Reached XP level 9. HP: 67/67 MP: 11/11
  5282 | D:7      | Reached skill level 12 in Ranged Weapons
  5340 | D:7      | Found Utuag's Book Boutique.
  5891 | D:8      | Found Igitudemn's Assorted Antiques.
  5928 | D:8      | Reached skill level 13 in Ranged Weapons
  6044 | D:8      | Bought a pair of embroidered boots for 225 gold pieces
  6456 | D:8      | Found Koagaoz's Assorted Antiques.
  6570 | D:8      | Found Ceudyt's Antique Weapon Shoppe.
  6733 | D:8      | Noticed a two-headed ogre
  6746 | D:8      | Killed a two-headed ogre
  6747 | D:8      | Reached skill level 14 in Ranged Weapons
  6747 | D:8      | Reached XP level 10. HP: 15/73 MP: 1/13
  6882 | D:8      | Noticed a deep elf pyromancer
  6884 | D:8      | Noticed a deep elf pyromancer
  6890 | D:8      | Killed a deep elf pyromancer
  6917 | D:8      | Killed a deep elf pyromancer
  6924 | D:8      | Reached skill level 15 in Ranged Weapons
  7328 | D:9      | Noticed a cyclops
  7336 | D:9      | Killed a cyclops
  8153 | D:9      | Reached skill level 16 in Ranged Weapons
  8287 | D:10     | Entered Level 10 of the Dungeon
  8296 | D:10     | Found a flagged portal.
  8328 | D:10     | Reached XP level 11. HP: 53/79 MP: 9/14
  8372 | Bailey   | Entered a bailey
  8412 | Bailey   | Noticed an orc knight
  8431 | Bailey   | Killed an orc knight
  8487 | Bailey   | Noticed an orc knight
  8496 | Bailey   | Killed an orc knight
  8908 | D:10     | Noticed a two-headed ogre
  8927 | D:10     | Killed a two-headed ogre
  9003 | D:10     | Noticed a two-headed ogre
  9012 | D:10     | Killed a two-headed ogre
  9013 | D:10     | Reached skill level 17 in Ranged Weapons
  9397 | D:10     | Noticed a centaur warrior
  9411 | D:10     | Killed a centaur warrior
  9417 | D:10     | Noticed an orc knight
  9502 | D:11     | Slain by an orc

Illustrated notes

Levels and vault maps discovered:
D:1:      ebering_hopf_link, layout_loops_ring, serial_shops,
          nicolae_square_shop, hellmonk_ecumenical_altar_dog_temple,
          minmay_pentomino_w2
D:2:      layout_rooms, hangedman_abyss_or_decor_lesser_grid
D:3:      layout_basic, minmay_joined_circles
D:4:      layout_loops_ring, st_stairs_10
D:5:      layout_basic, nicolae_tso_swordbearing_angel, uniq_pikel
D:6:      layout_gridville, nicolae_qazlal_scattered_showers,
          nicolae_yredelemnul_corpse_copse, minmay_temple_entry_sparse_star,
          uniq_grinder
D:7:      layout_basic, lemuel_round_altar, lemuel_tele_altar,
          lemuel_coloured_pillars_altar, serial_shops,
          nicolae_shop_hallway_stairs, hangedman_decor_riveting, dk_vineyard_1
D:8:      nzn_winding_woodlands_medium [nzn_winding_woodlands_5x5_cross,
          nzn_winding_woodlands_5x15_concentric,
          nzn_winding_woodlands_5x5_three, nzn_winding_woodlands_hourglass,
          nzn_winding_woodlands_center_garden,
          nzn_winding_woodlands_5x5_closed_star,
          nzn_winding_woodlands_5x5_open_star,
          nzn_winding_woodlands_5x15_lazy_stream,
          nzn_winding_woodlands_5x5_checkerboard], layout_basic,
          lemuel_doored_altar, serial_shops, shop_coins, shop,
          nicolae_shop_window_shopping
D:9:      layout_layer_cave, kennysheep_orc_sif_temple,
          nicolae_vehumet_radiance, minmay_microvault
D:10:     layout_cave_pods, david_orc_5, serial_shops, shop, enter_bailey_2
D:11:     layout_basic, lair_entry_dummy

Skill      XL: |  1  2  3  4  5  6  7  8  9 10 11 |
---------------+----------------------------------+-----
Ranged Weapons | 4 5 6 8 9 11 14 16 17 | 17.3
Fighting       | |  1.7
Dodging        | |  1.7
Stealth        | |  0.8

Action                     |  1- 3 |  4- 6 |  7- 9 | 10-12 || total
---------------------------+-------+-------+-------+-------++-------
   Fire: Shortbow          |    98 |   113 |   295 |    93 ||   599
         Arbalest          |       |       |       |   210 ||   210
    Use: Scroll            |     9 |     7 |     6 |     3 ||    25
         Potion            |       |       |     2 |     5 ||     7
 Armour: Leather armour    |     5 |    12 |    40 |    10 ||    67
         Troll leather arm |       |       |       |    46 ||    46
  Dodge: Dodged            |    31 |    28 |    65 |   111 ||   235

Table legend: (Time is in decaauts)
 A = Elapsed time spent in this place.
 B = Non-inter-level travel time spent in this place.
 C = Inter-level travel time spent in this place.
 D = Time resting spent in this place.
 E = Time spent auto-exploring this place.
 F = Levels seen in this place.
 G = Mean time per level.
                   A        B        C        D        E       F      G
               +--------+--------+--------+--------+--------+-----+--------+
         Total |   9561 |   8901 |    660 |   1771 |   5489 |  12 |  796.8 |
       Dungeon |   9053 |   8393 |    660 |   1708 |   5262 |  11 |  823.0 |
        Bailey |    507 |    507 |      0 |     63 |    226 |   1 |  507.0 |
               +--------+--------+--------+--------+--------+-----+--------+

Top non-repeatable levels by time:
     D:8: 1426 daAuts
     D:3: 1010 daAuts
     D:7: 1007 daAuts
     D:1: 949 daAuts
     D:9: 929 daAuts
     D:5: 902 daAuts
     D:6: 789 daAuts
     D:4: 711 daAuts
    D:10: 637 daAuts
     D:2: 615 daAuts
  Bailey: 507 daAuts
    D:11: 74 daAuts
